 Dungeon Crawl Stone Soup version 0.23-a0-730-g0b75920 (webtiles) character file.

91 TheGoonsmith the Skirmisher (level 4, 0/29 HPs)
             Began as a Gargoyle Berserker on Jan 17, 2019.
             Was a Believer of Trog.
             Slain by a goblin
             ... wielding a cursed -1 club
             ... led by Robin
              (2 damage)
             ... on level 1 of the Dungeon.
             The game lasted 00:03:07 (1381 turns).

TheGoonsmith the Skirmisher (Gargoyle Berserker)    Turns: 1381, Time: 00:03:07

Health: 0/29       AC:  5    Str: 22    XL:     4   Next: 57%
Magic:  4/4        EV: 12    Int:  7    God:    Trog [**....]
Gold:   62         SH:  0    Dex:  9    Spells: 3/3 levels left

rFire    . . .     SeeInvis .   a - +0 hand axe
rCold    . . .     Gourm    .   (no shield)
rNeg     + . .     Faith    .   b - +0 animal skin
rPois    ∞         Spirit   .   (no helmet)
rElec    +         Reflect  .   (no cloak)
rCorr    .         Harm     .   (no gloves)
MR       .....                  (no boots)
Stlth    +.........             (no amulet)
HPRegen  0.09/turn              (no ring)
MPRegen  0.09/turn              (no ring)

@: berserk cooldown
A: negative energy resistance 1, electricity resistance, unbreathing,
petrification resistance, rot immunity, AC +3
a: Berserk, Trog's Hand, Renounce Religion


You were on level 1 of the Dungeon.
You worshipped Trog.
Trog was pleased with you.
You were not hungry.

You visited 1 branch of the dungeon, and saw 2 of its levels.

You collected 62 gold pieces.

Inventory:

Hand Weapons
 a - a +0 hand axe (weapon)
Armour
 b - a +0 animal skin (worn)
Scrolls
 e - a scroll of fear {unknown}
 f - 4 scrolls of identify {unknown}
 h - a scroll of immolation {unknown}
 k - a scroll of fog {unknown}
 l - a scroll of amnesia {unknown}
Potions
 d - a potion of degeneration {unknown}
 i - a potion of curing
 j - a potion of might {unknown}
 m - a potion of haste {unknown}
Comestibles
 c - 3 rations


   Skills:
 + Level 4.0 Fighting
 * Level 3.8 Axes
 + Level 3.1 Armour
 - Level 1.5 Dodging


You had 3 spell levels left.
You didn't know any spells.
Your spell library was empty.

Dungeon Overview and Level Annotations

Branches:
Dungeon (2/15)

Altars:
Okawaru

Annotations:
D:2 Robin


Innate Abilities, Weirdness & Mutations

You are resistant to torment.
Your stone body is resilient. (AC +3)
You are immune to poison.
You resist negative energy. (rN+)
You are resistant to electric shocks. (rElec)
You can survive without breathing.
You are immune to petrification.
You are immune to rotting.


Message History

* * * LOW HITPOINT WARNING * * *
The goblin hits you with a cursed -1 club.
* * * LOW HITPOINT WARNING * * *
Unknown command.
Robin throws the goblin at you! The goblin closely misses you.
Robin laughs in a distinctly smug fashion.
Your skin stops crawling.
You feel less resistant to hostile enchantments.
There is a stone staircase leading up here.
The goblin misses you. Robin throws the goblin at you!
* * * LOW HITPOINT WARNING * * *
You climb upwards.
There is a stone staircase leading down here.
Unknown command.
You barely miss the hobgoblin.
The hobgoblin is moderately wounded.
You closely miss the goblin. The hobgoblin hits you with a +0 club.
* * * LOW HITPOINT WARNING * * *
The goblin hits you with a cursed -1 club.
You die...

###### #.g).# #..@g####
#..)....##
###.###..###########
#.# ##............ #.#
##........).. #.#
#........... #.#
#...........
######.#####...........
#..........#.......####


You could see a hobgoblin and a goblin.

Vanquished Creatures
  4 adders
  A leopard gecko (D:1)
  A giant cockroach (D:1)
  11 goblins
  6 hobgoblins
  6 jackals (D:1)
  4 kobolds
  A ball python (D:1)
  5 bats
  6 frilled lizards
  4 rats
49 creatures vanquished.

Notes
Turn   | Place    | Note
-------+----------+-------------------------------------------
     0 | D:1      | TheGoonsmith the Gargoyle Berserker began the quest for the
                  | Orb.
     0 | D:1      | Reached XP level 1. HP: 14/14 MP: 1/1
    57 | D:1      | Reached XP level 2. HP: 19/19 MP: 2/2
   202 | D:1      | Reached ** piety under Trog
   262 | D:1      | Reached XP level 3. HP: 20/23 MP: 3/3
   933 | D:2      | Reached XP level 4. HP: 13/29 MP: 4/4
  1288 | D:2      | Found an iron altar of Okawaru.
  1331 | D:2      | Noticed Robin
  1345 | D:2      | Reached skill level 4 in Fighting
  1373 | D:2      | HP: 1/29 [goblin/cursed -1 club[Robin] (2)]
  1381 | D:1      | Slain by a goblin

Vault maps used:
D:1:      ncdulo_halloftheorcs, minmay_pentomino_w4
D:2:      minmay_misc_feat_columns, okawaru_trees_1, uniq_robin

Skill      XL: |  1  2  3  4 |
---------------+-------------+-----
Axes           | 3 |  3.8
Armour         | 3 |  3.1
Fighting       | 4 |  4.0
Dodging        | |  1.5

Action                   |  1- 3 |  4- 6 || total
-------------------------+-------+-------++-------
Melee: Hand axe          |   113 |    58 ||   171
Invok: Berserk           |     5 |     1 ||     6
       Trog's Hand       |       |     1 ||     1
  Use: Potion            |       |     1 ||     1
  Eat: Chunk             |     3 |     1 ||     4
       Ration            |       |     1 ||     1
Armor: Animal skin       |    46 |    34 ||    80
Dodge: Dodged            |    98 |    56 ||   154

Table legend:
 A = Non-vault XP
 B = Vault XP
 C = Vault XP percentage of total XP
 D = Non-vault monster count
 E = Vault monster count
 F = Vault count percentage of total count
                 A         B        C        D         E       F
            +---------+---------+-------+---------+---------+-------
      Total |     102 |      28 |  21.5 |      32 |      17 |  34.7
            +---------+---------+-------+---------+---------+-------
        D:1 |      52 |      10 |  16.1 |      22 |       8 |  26.7
        D:2 |      50 |      18 |  26.5 |      10 |       9 |  47.4
            +---------+---------+-------+---------+---------+-------
